 Dungeon Crawl Stone Soup version 0.31-a0-466-g98c9adc2b6 (webtiles) character file.

Game seed: 4163941106188246912

3 Ofeo the Ruffian (level 1, 0/15 HPs)
             Began as a Demonspawn Shapeshifter on Aug 6, 2023.
             Slain by a goblin
             ... wielding a +0 dagger
              (1 damage)
             ... on level 1 of the Dungeon.
             The game lasted 00:00:08 (110 turns).

Ofeo the Ruffian (Demonspawn Shapeshifter)           Turns: 110, Time: 00:00:08

Health: 0/15       AC:  2    Str: 15    XL:     1   Next: 41%
Magic:  1/1        EV: 12    Int:  9    God:
Gold:   5          SH:  0    Dex: 13    Spells: 0/0 levels left

rFire   . .          .
                       - Unarmed
rCold   . . .        (no shield)
rNeg    . . .        a - +0 animal skin
rPois   .            (helmet currently unavailable)
rElec   .            (cloak currently unavailable)
rCorr   .            (gloves currently unavailable)
SInv    .            (boots currently unavailable)
Will    .....        (no amulet)
Stlth   +            (no ring)
HPRegen 0.22/turn    (no ring)
MPRegen 0.07/turn

%: no passive effects
@: beast-form
A: beast (slay +1)
a: Begin Untransformation


You were on level 1 of the Dungeon.
You were a hulking beast.
You visited 1 branch of the dungeon, and saw 1 of its levels.

You collected 5 gold pieces.

Inventory:

Armour
 a - a +0 animal skin (worn)
Talismans
 c - a beast talisman (active)
Scrolls
 d - a scroll of identify {unknown}
Potions
 b - a potion of lignification


   Skills:
 + Level 1.1 Fighting
 + Level 1.8 Dodging
 + Level 2.7 Unarmed Combat
 + Level 2.7 Shapeshifting


You couldn't memorise any spells.
You didn't know any spells.
Your spell library was empty.

Dungeon Overview and Level Annotations

Branches:
Dungeon (1/15)

Altars:


Message History

d - a scroll labelled AFEDDO GIXI
Found 6 stones.
A ball python comes into view.
Found a scroll labelled AFEDDO GIXI.
The ball python hisses angrily.
A ball python is nearby!
An endoplasm and a goblin come into view.
The endoplasm quivers.
The goblin shouts!
You hear a shout!
You closely miss the ball python.
A kobold comes into view. It is wielding a +0 dagger.
The ball python bites you but does no damage.
The ball python grabs you. The ball python constricts you.
You take 1 damage, and have 14/15 hp.
You closely miss the ball python.
The ball python bites you but does no damage.
The ball python constricts you.
You take 1 damage, and have 13/15 hp.
You hit the ball python.
You kill the ball python!
The kobold hits you but does no damage.
You hit the kobold but do no damage. The kobold hits you with a +0 dagger.
You take 2 damage, and have 11/15 hp.
You barely miss the kobold. Your punch misses the kobold. You miss the kobold.
The kobold hits you with a +0 dagger. The goblin hits you but does no damage.
The endoplasm hits you but does no damage.
You take 2 damage, and have 9/15 hp.
You are too injured to fight recklessly!
There are monsters nearby!
There are monsters nearby!
The kobold attacks as you move away! The kobold hits you with a +0 dagger.
The goblin hits you with a +0 dagger.
* * * LOW HITPOINT WARNING * * *
You take 6 damage, and have 3/15 hp.
MASSIVE DAMAGE!!
The kobold attacks as you move away! The kobold hits you with a +0 dagger.
* * * LOW HITPOINT WARNING * * *
You take 2 damage, and have 1/15 hp.
The goblin attacks as you move away! The goblin hits you with a +0 dagger.
You die...

.. ###..#
.?#...
####......
#.....(...
#.........
#J........
##Kg†......
#.h....###.
##.######
##..#
#####..##
#.....##
###.#####
#...# #.###
#.#


You could see an endoplasm, a goblin and a kobold.

Vanquished Creatures
  A goblin (D:1)
  A hobgoblin (D:1)
  A ball python (D:1)
3 creatures vanquished.

Notes
Turn   | Place    | Note
-------+----------+-------------------------------------------
     0 | D:1      | Ofeo the Demonspawn Shapeshifter began the quest for the
                  | Orb.
     0 | D:1      | Reached XP level 1. HP: 15/15 MP: 1/1
   110 | D:1      | Slain by a goblin

Illustrated notes

Levels and vault maps discovered:
D:1:      lightli_arrival_quake, layout_basic, hangedman_feature_mirror

Action                     || total
---------------------------++-------
  Melee: Unarmed           ||    17
 Armour: Animal skin       ||     6
  Dodge: Dodged            ||     6

Table legend: (Time is in decaauts)
 A = Elapsed time spent in this place.
 B = Non-inter-level travel time spent in this place.
 C = Inter-level travel time spent in this place.
 D = Time resting spent in this place.
 E = Time spent auto-exploring this place.
 F = Levels seen in this place.
 G = Mean time per level.
                   A        B        C        D        E       F      G
               +--------+--------+--------+--------+--------+-----+--------+
         Total |    108 |    108 |      0 |     33 |     48 |   1 |  108.0 |
       Dungeon |    108 |    108 |      0 |     33 |     48 |   1 |  108.0 |
               +--------+--------+--------+--------+--------+-----+--------+

Top non-repeatable levels by time:
     D:1: 108 daAuts
